[Event "Early-Titled-Tuesday-Blitz-February-06-2024"]
[Site "Chess.com"]
[Date "2024.02.06"]
[Round "11"]
[White "Nikolakis2014"]
[Black "Yan_Dyomin2010"]
[Result "0-1"]
[WhiteElo "2719"]
[BlackElo "2606"]
[TimeControl "180+1"]
[EndTime "10:07:13 PST"]
[Termination "Yan_Dyomin2010 won on time"]

1. Nf3 Nf6 2. c4 g6 3. b3 Bg7 4. Bb2 O-O 5. h4 d6 6. d4 Bg4 7. Nc3 Nbd7 8. e3 e5 9. Be2 Re8 10. d5 e4 11. Nd4 Bxe2 12. Qxe2 Ne5 13. O-O-O Nd3+ 14. Rxd3 exd3 15. Qxd3 Qd7 16. f3 c5 17. Nc2 a6 18. g4 b5 19. h5 bxc4 20. Qxc4 a5 21.
hxg6 fxg6 22. g5 Nh5 23. Ne4 Bxb2+ 24. Kxb2 Qg7+ 25. Kc1 Qf8 26. Rxh5 gxh5 27. Nf6+ Kh8 28. e4 Qg7 29. f4 h6 30. Qe2 Qg6 31. e5 dxe5 32. d6 exf4 33. Qd2 hxg5 34. Nxe8 Rxe8 35. Qd5 Re2 36. Qxc5 Rxc2+ 37. Qxc2 Qxd6 38. Qf5 Qc6+ 39. Kb2 Qg2+ 40. Ka3 Kg7 41. Qe5+ Kf7 42. Qf5+ Ke7 43. Qe5+ Kd7 44. Qf5+ Kd6 45. Qf6+ Kd5 46. Qf5+ Kd4 47. Qxa5 Qd5 48. Qd2+ Ke5 49. Qc3+ Kf5 50. Qg7 f3 51. b4 Kg4 52. Qf6 Kg3 53. Ka4 f2 0-1

[Event "Early-Titled-Tuesday-Blitz-February-06-2024"]
[Site "Chess.com"]
[Date "2024.02.06"]
[Round "11"]
[White "Chessdreamer2020"]
[Black "M1711"]
[Result "1/2-1/2"]
[WhiteElo "2547"]
[BlackElo "2656"]
[TimeControl "180+1"]
[EndTime "10:07:13 PST"]
[Termination "Game drawn - insufficient material"]

1. e4 h5 2. d4 a5 3. Nf3 h4 4.
Bd3 h3 5. g3 a4 6. O-O a3 7. Nxa3 e5 8. Nxe5 Nc6 9. Nxc6 dxc6 10.
c3 Nf6 11. Nc4 Bg4 12. f3 Be6 13. Bg5 Be7 14. Ne5 Nd7 15. Bxe7 Qxe7 16. Nxd7 Qxd7 17.
a3 f6 18. Qe2 O-O-O 19. a4 Rhe8 20. a5 Kb8 21. a6 b6 22. a7+ Ka8 23. b4 c5 24. bxc5 bxc5 25. Rfd1 cxd4 26. Bb5 c6 27. Rxd4 Qc7 28. Bc4 Qb6 29. Rd1 Rxd4 30. cxd4 Bc8 31.
Kh1 Rd8 32. d5 Bb7 33. Qf1 cxd5 34. Bxd5 Bxd5 35. exd5 Qb3 36. Rd3 Qc4 37. Qd1 Rd6 38. Qb1 Rd8 39. d6 Qc6 40. d7 Qc7 41. Rd2 Qb7 42.
Qe4 Qxe4 43. fxe4 Kxa7 44. Kg1 Kb7 45. Kf2 Kc7 46. Kf3 Rxd7 47. Rxd7+ Kxd7 48. Kg4 Ke6 49. Kxh3 Ke5 50. Kg4 Kxe4 51. Kh5 Kf3 52. Kg6 Kg2 53. Kxg7 Kxh2 54. Kxf6 Kxg3 1/2-1/2

[Event "Early-Titled-Tuesday-Blitz-February-06-2024"]
[Site "Chess.com"]
[Date "2024.02.06"]
[Round "11"]
[White "Aash20"]
[Black "Nouali_Mohamed"]
[Result "0-1"]
[WhiteElo "2459"]
[BlackElo "2563"]
[TimeControl "180+1"]
[EndTime "10:07:13 PST"]
[Termination "Nouali_Mohamed won by resignation"]

1. e4 c5 2. Nf3 Nc6 3. Bb5 Qc7 4. O-O e6 5. Bxc6 Qxc6 6. Nc3 a6 7. d3 b5 8. b3 Bb7 9. Bb2 Nf6 10. Re1 d6 11. h3 Be7 12. Qe2 O-O 13. Qe3 Rfe8 14. Qf4 Bf8 15. Ne2 d5 16. Ng3 d4 17. b4 e5 18. Nxe5 Qd6 19. bxc5 Qxe5 20. Qxe5 Rxe5 21.
Bxd4 Re6 22. f3 Nd7 23. a4 b4 24. a5 Nxc5 25. Reb1 b3 26. cxb3 Nxd3 27. Nf5 Rd8 28. Bb6 Rc8 29. Rd1 Nf4 30. Nd4 Rg6 31. g4 Nxh3+ 32.
Kg2 Nf4+ 33. Kf2 Rc3 34. Kg3 Ne6 35. Nf5 h5 36. Rac1 Rxg4+ 37. Kf2 Rxc1 38. Rxc1 Rf4 39. Ke3 g6 40. Nd4 Nxd4 41. Kxd4 Rxf3 42. Rc7 Bxe4 43. Kxe4 Rxb3 44. Ra7 h4 45. Rxa6 h3 46. Bc7 Rc3 47. Be5 Rc2 48. Kd3 Rc5 49. Bf4 Rf5 50. Ke4 Rxf4+ 51.
Kxf4 h2 52. Ra8 h1=Q 53. Rxf8+ Kxf8 0-1

[Event "Early-Titled-Tuesday-Blitz-February-06-2024"]
[Site "Chess.com"]
[Date "2024.02.06"]
[Round "11"]
[White "Iana_Shirova"]
[Black "PapaieDudu"]
[Result "1-0"]
[WhiteElo "2334"]
[BlackElo "2404"]
[TimeControl "180+1"]
[EndTime "10:07:14 PST"]
[Termination "Iana_Shirova won by checkmate"]

1. e4 c5 2. Nf3 d6 3. d4 cxd4 4.
Nxd4 Nf6 5. Nc3 a6 6. g3 b5 7. Bg2 Bb7 8. a3 e5 9. Nf5 g6 10. Ne3 Bg7 11. O-O Nbd7 12. Ned5 O-O 13. Be3 Rc8 14. Qe2 Re8 15. Rfd1 Nc5 16. Bg5 Ncd7 17.
Bh3 Bc6 18. Rd2 Rb8 19. Rad1 Bxd5 20. Nxd5 a5 21. Nxf6+ Nxf6 22. Rxd6 Qe7 23. Bxf6 Bxf6 24. Qf3 Bg7 25. Rd7 Qf8 26. Qd3 b4 27. a4 Rec8 28. Ra7 Rd8 29. Rd7 Rdc8 30. Rd5 Rc7 31. Rxa5 b3 32. cxb3 Qb4 33. Rb5 Rxb5 34. axb5 h5 35.
Qd8+ Kh7 36. Qxc7 Qxb3 37. Qc1 Qxb5 38. Rd5 Qe2 39. b4 Qxe4 40. Bg2 Qxb4 41. Rd7 Qf8 42. Qc4 Kg8 43. Bd5 Kh7 44. Rxf7 Qb8 45. Qb3 Qc8 46. Qb7 Qh8 47. Kg2 Kh6 48. Rxg7 Qxg7 49. Qxg7+ Kxg7 50. h4 g5 51. hxg5 Kg6 52. f4 Kf5 53. Bf3 exf4 54. Bxh5 Kxg5 55. g4 Kf6 56. Kf3 Ke5 57. Bg6 Ke6 58.
Bf5+ Kf6 59. Kxf4 Kf7 60. g5 Kg7 61. Kg4 Kf8 62. Kh5 Kg8 63. Kg6 Kh8 64. Kh6 Kg8 65.
g6 Kh8 66. g7+ Kg8 67. Be6# 1-0

[Event "Early-Titled-Tuesday-Blitz-February-06-2024"]
[Site "Chess.com"]
[Date "2024.02.06"]
[Round "11"]
[White "AryanTari"]
[Black "Philippians46"]
[Result "0-1"]
[WhiteElo "2926"]
[BlackElo "2654"]
[TimeControl "180+1"]
[EndTime "10:07:15 PST"]
[Termination "Philippians46 won by resignation"]

1. e4 c5 2. Nf3 d6 3. Bb5+ Nd7 4. O-O a6 5. Bd3 Ngf6 6. Re1 g6 7. c3 Bg7 8. Bc2 e5 9. d4 O-O 10. dxe5 Nxe5 11.
Nxe5 dxe5 12. c4 Be6 13. b3 Qd4 14. Qxd4 cxd4 15. Bd3 Nd7 16. Ba3 Rfc8 17. Nd2 Bf8 18. Bxf8 Kxf8 19. b4 Nb6 20. Rec1 Na4 21. c5 a5 22. a3 Nc3 23. f3 Ke7 24. Kf2 f5 25.
exf5 gxf5 26. Re1 Kf6 27. Bc4 Bxc4 28. Nxc4 e4 29. fxe4 fxe4 30. Nd6 Rf8 31. Kg3 e3 32. Rac1 axb4 33. axb4 Ra3 34. Kg4 Ke6 35. Nc4 Rg8+ 36. Kh5 Ra2 37. Nxe3 Kd7 38. Ng4 Kc6 39. Ne5+ Kd5 40. Nd7 Rgxg2 41. Nf6+ Kc4 42. Ne4 Rxh2+ 43. Kg5 Rag2+ 44. Kf6 Kd3 45. Nxc3 dxc3 46. b5 Re2 47. Rg1 Rhf2+ 48. Kg7 Re7+ 49. Kh6 Rf6+ 50. Kh5 Re5+ 51.
Rg5 Rff5 52. Rxf5 Rxf5+ 53. Kh6 Rxc5 54. b6 c2 55. Kxh7 Kd2 56. Rg1 c1=Q 57. Rg2+ Kc3 58.
Rg6 Qh1+ 0-1

[Event "Early-Titled-Tuesday-Blitz-February-06-2024"]
[Site "Chess.com"]
[Date "2024.02.06"]
[Round "11"]
[White "AlexTruskavetsky"]
[Black "Vaathi_Coming"]
[Result "0-1"]
[WhiteElo "2739"]
[BlackElo "2918"]
[TimeControl "180+1"]
[EndTime "10:07:16 PST"]
[Termination "Vaathi_Coming won by checkmate"]

1. d4 Nf6 2. c4 b6 3. Nc3 Bb7 4. f3 Nc6 5. d5 Ne5 6. f4 Ng6 7. e4 e6 8. e5 Ng8 9. Be3 Nh6 10. Bd3 Bb4 11. Ne2 Ng4 12. Bd4 c5 13. dxc6 Bxc6 14.
O-O Nh4 15. Ne4 Nf5 16. N2g3 Qh4 17. h3 Nxg3 18. Nxg3 Qxg3 19. Qxg4 Qxd3 20. Rad1 Qg6 21. Qe2 Bc5 22. Bxc5 bxc5 23. f5 exf5 24. Rd6 Qg5 25.
e6 O-O 26. exd7 Be4 27. Rfd1 Rad8 28. b4 cxb4 29. c5 Qg3 30. c6 Qc3 31. Qd2 Qe5 32. c7 Qc5+ 33. Qd4 Qxc7 34. Qxb4 h6 35. R6d2 Qg3 36.
Qd4 f6 37. Qxa7 Rf7 38. Qa4 Rfxd7 39. Qc4+ Kh7 40. Qe2 Rxd2 41. Rxd2 Bxg2 42. Qxg2 Qe1+ 43. Qf1 Qxd2 44. Qxf5+ Kh8 45. a4 Re8 46. a5 Re1+ 47.
Qf1 Rxf1+ 48. Kxf1 Qxa5 49. h4 Qd2 50. h5 Kg8 51. Kg1 Kf7 52. Kf1 Ke6 53. Kg1 Kf5 54.
Kf1 Kg5 55. Kg1 Kg4 56. Kf1 Kf4 57. Kg1 Kf3 58. Kf1 Kg3 59. Kg1 Qd1# 0-1

[Event "Early-Titled-Tuesday-Blitz-February-06-2024"]
[Site "Chess.com"]
[Date "2024.02.06"]
[Round "11"]
[White "zsoltkorpics"]
[Black "jaskol95"]
[Result "0-1"]
[WhiteElo "2474"]
[BlackElo "2591"]
[TimeControl "180+1"]
[EndTime "10:07:16 PST"]
[Termination "jaskol95 won on time"]

1. e4 d5 2. exd5 Nf6 3. d4 Bg4 4. f3 Bf5 5. c4 e6 6. g4 Bg6 7.
Nc3 exd5 8. g5 Nfd7 9. Nxd5 Nc6 10. Bf4 Bd6 11. Bxd6 cxd6 12. Qe2+ Kf8 13. Qd2 h6 14. Nh3 hxg5 15. Nxg5 Nxd4 16. Qxd4 Qxg5 17. Nf4 Re8+ 18. Be2 Qe5 19. Nxg6+ fxg6 20. Qxe5 Nxe5 21. O-O-O Re6 22. f4 Nc6 23. Bf3 Ke7 24. Bd5 Re2 25. Rd2 Rxd2 26. Kxd2 Kf6 27. Ke3 Rh3+ 28. Ke4 Nb4 29.
Bxb7 Nd3 30. Kd5 Nxf4+ 31. Kxd6 Rd3+ 32. Bd5 g5 33. h4 gxh4 34. Rxh4 g5 35. Rh1 g4 36.
Rf1 Kg5 37. Ke5 Ng6+ 38. Ke4 Rd2 39. c5 Re2+ 40. Kd3 Rxb2 41. c6 Ne5+ 42. Kd4 Nxc6+ 43. Bxc6 Rxa2 44. Bd5 Ra4+ 45. Ke5 Ra3 46. Rg1 g3 47. Be4 Kg4 48. Bf5+ Kf3 49. Be4+ Kf2 50. Rb1 Ra5+ 51. Kf4 Ra2 52. Rb2+ Rxb2 0-1

[Event "Early-Titled-Tuesday-Blitz-February-06-2024"]
[Site "Chess.com"]
[Date "2024.02.06"]
[Round "11"]
[White "vi_pranav"]
[Black "lilleper1"]
[Result "0-1"]
[WhiteElo "3046"]
[BlackElo "2942"]
[TimeControl "180+1"]
[EndTime "10:07:17 PST"]
[Termination "lilleper1 won on time"]

1. e4 c5 2. Nf3 d6 3. d4 cxd4 4. Nxd4 Nf6 5. Nc3 a6 6. Bc4 e6 7. a4 b6 8. O-O Bb7 9. Re1 Nbd7 10. f4 Rc8 11. Bd3 Be7 12. Be3 Nc5 13. Bf2 O-O 14.
Qf3 Nxd3 15. cxd3 Re8 16. Qh3 Bf8 17. Bh4 Be7 18. Bf2 Bf8 19. Nf3 Nd7 20. Rad1 Nc5 21. Qh5 Qf6 22. Be3 Qg6 23. Qh3 f5 24. Bxc5 bxc5 25.
Nd2 fxe4 26. dxe4 d5 27. f5 exf5 28. exd5 c4 29. Qf3 Bc5+ 30. Kh1 Rxe1+ 31. Rxe1 Re8 32. Rf1 Re3 33. Qf4 Re8 34. Nxc4 Bb4 35. Ne3 Bc5 36. Nxf5 Rf8 37. b4 Bxb4 38. Qxb4 Rxf5 39. Rxf5 Qxf5 40.
Qc4 Qc2 41. h3 Qc1+ 42. Kh2 Qd2 43. d6+ Kf8 44. Qg4 Qxd6+ 45. Kg1 Qc5+ 46. Kh2 Qxc3 47.
Qf4+ Ke7 48. Qb8 Qc6 49. Qg3 Qd6 0-1

[Event "Early-Titled-Tuesday-Blitz-February-06-2024"]
[Site "Chess.com"]
[Date "2024.02.06"]
[Round "11"]
[White "alekroth65"]
[Black "SouS007"]
[Result "1-0"]
[WhiteElo "2398"]
[BlackElo "2505"]
[TimeControl "180+1"]
[EndTime "10:07:17 PST"]
[Termination "alekroth65 won by checkmate"]

1. d4 Nf6 2. c4 a6 3. Nf3 c5 4. d5 b5 5. g3 e6 6. Bg2 exd5 7. cxd5 Bb7 8. e4 d6 9. O-O Nbd7 10. Nh4 g6 11. a4 Bg7 12. Qe2 O-O 13. axb5 axb5 14. Rxa8 Qxa8 15. Bf4 Re8 16. Bxd6 Bxd5 17. Qxb5 Bxe4 18.
Nc3 Bxg2 19. Nxg2 Ne5 20. Bxe5 Rxe5 21. Nf4 g5 22. Nd3 Re8 23. Qxc5 Qf3 24. Ne5 Qh5 25. Kg2 g4 26. Nd3 Qh3+ 27. Kg1 Qh6 28. Nf4 Bf8 29. Qc6 Qg5 30. Ncd5 Nxd5 31. Qxe8 Nxf4 32. gxf4 Qxf4 33. Rd1 Kg7 34. Re1 Bd6 35. Qe4 Qxh2+ 36. Kf1 Qh3+ 37. Ke2 Qh5 38. Kf1 Qb5+ 39. Qe2 Qh5 40. Qe4 Qh3+ 41. Ke2 Bf8 42. Rh1 Qb3 43. Qxh7+ Kf6 44. Qh4+ Ke5 45. Qh8+ f6 46. Rh5+ Ke4 47. Qxf8 Qd3+ 48. Ke1 Qb1+ 49.
Ke2 Qd3+ 50. Ke1 Qb1+ 51. Kd2 Qc2+ 52. Kxc2 Kf3 53. Qxf6+ Kg2 54. Rg5 Kf1 55. Rxg4 Ke2 56. Re4+ Kf1 57. f4 Kf2 58. Qf5 Kf3 59. Rc4 Ke3 60. Rc3+ Kf2 61. Qh5 Ke1 62. Qh1+ Ke2 63. Qg2+ Ke1 64. Re3# 1-0

[Event "Early-Titled-Tuesday-Blitz-February-06-2024"]
[Site "Chess.com"]
[Date "2024.02.06"]
[Round "11"]
[White "Cambek64"]
[Black "Bkmzzzzz"]
[Result "0-1"]
[WhiteElo "2493"]
[BlackElo "2397"]
[TimeControl "180+1"]
[EndTime "10:07:17 PST"]
[Termination "Bkmzzzzz won on time"]

1. d4 d5 2. c4 dxc4 3. e3 Nf6 4.
Bxc4 e6 5. Nf3 c5 6. O-O a6 7.
a4 Nc6 8. Nc3 Be7 9. Qe2 cxd4 10. Rd1 O-O 11. exd4 Nb4 12. Ne5 Nfd5 13. Ra3 Nb6 14. Bb3 Bd7 15. a5 N6d5 16. Ra1 Rc8 17. Bd2 Be8 18. g3 f6 19. Nf3 Bf7 20. h4 Qd7 21.
Kg2 Rfd8 22. Ne4 Nc6 23. Re1 Nc7 24. Nc5 Bxc5 25. dxc5 e5 26. Bxf7+ Qxf7 27. Bc3 Nb5 28. Bd2 Ncd4 29. Nxd4 Nxd4 30. Qe4 Rxc5 31. Bc3 Qd5 32.
Bxd4 Qxe4+ 33. Rxe4 Rxd4 34. Rxd4 exd4 35. Rd1 Rxa5 36.
Rxd4 Rb5 37. Rd2 h6 38. Kf3 Rb3+ 39. Ke4 Kf7 40. Kf5 Rb5+ 41. Ke4 Ke6 42. g4 a5 43. f4 g6 44. Rc2 f5+ 45. gxf5+ gxf5+ 46. Kd4 Rb4+ 47. Ke3 Kd5 48. Rd2+ Kc6 49. Rc2+ Kb6 50. Rd2 Kc6 51. h5 Rb3+ 52. Kd4 Rh3 53. Ke5 Rxh5 54. Rd6+ Kb5 55. Rd5+ Kb4 56. Kf6 b5 57. Kg6 Rh4 0-1

[Event "Early-Titled-Tuesday-Blitz-February-06-2024"]
[Site "Chess.com"]
[Date "2024.02.06"]
[Round "11"]
[White "BallottiLuca"]
[Black "goodwilll"]
[Result "0-1"]
[WhiteElo "2365"]
[BlackElo "2501"]
[TimeControl "180+1"]
[EndTime "10:07:17 PST"]
[Termination "goodwilll won on time"]

1. d4 d5 2. c4 e6 3. Nc3 Nf6 4.
cxd5 exd5 5. Bg5 Be7 6. e3 O-O 7. Bd3 Nbd7 8. Nge2 b6 9. Ng3 g6 10. h4 c5 11. Qc2 c4 12. Be2 Bb7 13. Bf3 Re8 14.
O-O-O Nf8 15. h5 Ne4 16. Bxe7 Qxe7 17. hxg6 hxg6 18. Ngxe4 dxe4 19. Be2 Rac8 20. Rh3 Qg5 21. g4 b5 22. Rdh1 b4 23. Na4 b3 24. Qb1 c3 25.
Nxc3 Bd5 26. axb3 Bxb3 27. Bd1 Qb5 28. Bxb3 Qxb3 29. Kd2 Rb8 30. Qc2 Qxb2 31. Rb1 Qxc2+ 32. Kxc2 Rbc8 33. Kd2 Kg7 34. Rb7 Ra8 35. Rh1 a5 36.
Ra1 Rec8 37. Rb5 Ne6 38. Raxa5 Rxa5 39. Rxa5 Re8 40. Nxe4 Nxd4 41. exd4 Rxe4 42. f3 Rxd4+ 43. Ke3 Rd8 44. Ra7 Kf6 45. Ra6+ Kg5 46. Ra5+ Kh4 47. Ra1 Kg3 48. Rg1+ Kh2 49. Ra1 Kg2 50. Ra2+ Kg3 0-1

[Event "Early-Titled-Tuesday-Blitz-February-06-2024"]
[Site "Chess.com"]
[Date "2024.02.06"]
[Round "11"]
[White "noblerone"]
[Black "Predator0608"]
[Result "0-1"]
[WhiteElo "2450"]
[BlackElo "2545"]
[TimeControl "180+1"]
[EndTime "10:07:19 PST"]
[Termination "Predator0608 won on time"]

1. d4 Nf6 2. c4 g6 3. Nc3 Bg7 4. Nf3 O-O 5. Bg5 d6 6. e3 Nbd7 7. Be2 e5 8. O-O h6 9. Bh4 g5 10. Bg3 e4 11. Nd2 Re8 12. Rc1 Qe7 13. Nd5 Nxd5 14.
cxd5 Nb6 15. Qb3 f5 16. Nc4 Rf8 17. Nxb6 axb6 18. f4 exf3 19. Bxf3 f4 20. exf4 gxf4 21. Bf2 Bf5 22. Rfe1 Qd7 23. a3 Rae8 24. Rxe8 Rxe8 25. Qc4 Re7 26. Bh4 Re8 27. Bf2 Re7 28. b4 b5 29.
Qc3 Qe8 30. Qd2 Bg6 31. Qxf4 Qa8 32. Ra1 Qa4 33. h4 Qc2 34. Qg4 Qb2 35. Rf1 Bd3 36.
Rd1 Bc2 37. Re1 Rxe1+ 38. Bxe1 Qxd4+ 39. Qxd4 Bxd4+ 40. Bf2 Bb2 41. Be2 Bxa3 42. Bxb5 Bxb4 43. Bd7 Bb3 44. Be6+ Kg7 45. Bd4+ Kg6 46. g4 c5 47. Bf5+ Kf7 48. Be6+ Ke7 49. Bg7 c4 50. Bxh6 c3 51.
Bg5+ Ke8 52. h5 Bc5+ 53. Kf1 Bd4 54. Ke2 Bc4+ 55. Kd1 b5 56. h6 b4 0-1

[Event "Early-Titled-Tuesday-Blitz-February-06-2024"]
[Site "Chess.com"]
[Date "2024.02.06"]
[Round "11"]
[White "Eloist"]
[Black "Massakru"]
[Result "1-0"]
[WhiteElo "2431"]
[BlackElo "2331"]
[TimeControl "180+1"]
[EndTime "10:07:19 PST"]
[Termination "Eloist won on time"]

1. e4 e5 2. Bc4 Nc6 3. Nf3 Nf6 4. d3 h6 5. O-O d6 6. Re1 g5 7. c3 g4 8. Nfd2 Ne7 9. Qb3 Rh7 10. d4 Ng6 11.
Nf1 Be7 12. Ng3 h5 13. Nf5 Kf8 14. Bg5 c6 15. Nxe7 Qxe7 16. Nd2 Be6 17. Bxe6 fxe6 18. Nc4 exd4 19. cxd4 e5 20. Rad1 exd4 21. Rxd4 Rd8 22. Red1 d5 23. exd5 Rxd5 24. Rxd5 cxd5 25. Ne3 Qe6 26.
Bxf6 Qxf6 27. Qxd5 Re7 28. Qd8+ Kf7 29. Qd5+ Qe6 30.
Qxh5 Qxa2 31. Qh7+ Kf6 32. Qh6 Qb3 33. Nxg4+ Kf5 34.
Qh5+ Kf4 35. Ne3 Rxe3 36. fxe3+ Qxe3+ 37. Kh1 Ne5 38. Rf1+ Ke4 39. Qf5+ Kd4 40. Qf4+ Kd3 41. Qxe3+ Kxe3 42. Re1+ Kf4 43. h4 Ng4 44. h5 a5 45.
Rf1+ Kg5 46. Rf7 b5 47. Rb7 b4 48. Rb5+ Kh6 49. Rxa5 Nf2+ 50. Kg1 Nd3 51. b3 Nc1 52. Rb5 Nxb3 53. Rxb4 Nd2 54. Rb5 Ne4 55. g4 1-0

[Event "Early-Titled-Tuesday-Blitz-February-06-2024"]
[Site "Chess.com"]
[Date "2024.02.06"]
[Round "11"]
[White "korkmaz16"]
[Black "KhazhatulyAlikhan"]
[Result "0-1"]
[WhiteElo "2502"]
[BlackElo "2415"]
[TimeControl "180+1"]
[EndTime "10:07:20 PST"]
[Termination "KhazhatulyAlikhan won by resignation"]

1. e4 c5 2. Nf3 e6 3. d4 cxd4 4. Nxd4 a6 5. c4 Nf6 6. Nc3 Bb4 7. e5 Ne4 8. Qc2 Qa5 9. Qxe4 Bxc3+ 10. Kd1 Bxd4 11.
Qxd4 Nc6 12. Qg4 Qxe5 13. Bd3 h5 14. Qe4 Qxe4 15. Bxe4 f5 16. Bf3 Nd4 17. Be2 b5 18. Bf4 Nxe2 19. Kxe2 bxc4 20. Be5 Kf7 21. Rac1 d5 22.
b3 a5 23. bxc4 Ba6 24. Rhd1 Bxc4+ 25. Rxc4 dxc4 26. Rd7+ Kg6 27. Rxg7+ Kh6 28. Rf7 Rhg8 29. g3 Rac8 30. Rf6+ Rg6 31. Rf7 Rgg8 32. Rf6+ Rg6 33. Rf7 Rg4 34. f4 c3 35. Kd1 c2+ 36. Kc1 Rgg8 37.
Rf6+ Rg6 38. Rf7 h4 39. Re7 hxg3 40. hxg3 Kh5 41. Rh7+ Kg4 42. Rh2 Kxg3 43. Rxc2 Rxc2+ 44.
Kxc2 Kf3 45. Kb3 Rg2 46. a3 Re2 47. Ka4 Re3 48. Bd6 Rd3 49. Bc7 Ke4 50. Bb8 Kd5 51.
Be5 Kc6 52. Kxa5 Rxa3+ 53. Kb4 Re3 54. Bb8 Re4+ 55. Kc3 Kd5 56. Kd3 Rb4 57. Be5 Rb3+ 58. Kc2 Rf3 59. Kd2 Ke4 60. Bc7 Rxf4 61. Ke2 Rf3 0-1

[Event "Early-Titled-Tuesday-Blitz-February-06-2024"]
[Site "Chess.com"]
[Date "2024.02.06"]
[Round "11"]
[White "alexrustemov"]
[Black "djano"]
[Result "1-0"]
[WhiteElo "2747"]
[BlackElo "2608"]
[TimeControl "180+1"]
[EndTime "10:07:21 PST"]
[Termination "alexrustemov won by resignation"]

1. d4 g6 2. c4 Bg7 3. g3 Nf6 4.
Bg2 d6 5. Nc3 O-O 6. Nf3 c5 7.
O-O Nc6 8. dxc5 dxc5 9. Bf4 Nh5 10. Be3 Nd4 11. Qc1 Be6 12. b3 Qa5 13. Bd2 Qa6 14.
e3 Nc6 15. a3 Rfd8 16. Qc2 Bf5 17. Qa2 Bd3 18. Rfd1 Nf6 19. Ne1 Bf5 20. Na4 Nd7 21. Bc3 Bg4 22. Rd2 b5 23. Bxg7 Kxg7 24. cxb5 Qxb5 25.
Rc1 Rab8 26. Nd3 Nce5 27. Ndxc5 Nxc5 28. Nxc5 Nf3+ 29. Bxf3 Bxf3 30. b4 Rd6 31. Rxd6 exd6 32. Nb3 Qh5 33. Nd4 Be4 34. Qe2 Qd5 35. f3 Bf5 36. Nxf5+ Qxf5 37. Kg2 Re8 38. Rd1 d5 39. Qd3 Qe6 40. Kf2 Kg8 41. Rd2 Qh3 42. Kg1 Qe6 43. Kg2 Qxe3 44. Qxe3 Rxe3 45. a4 Rb3 46.
Rd4 Ra3 47. b5 Rb3 48. g4 Kg7 49. g5 Ra3 50. h4 Ra2+ 51. Kg3 f6 52. Kf4 fxg5+ 53.
hxg5 Ra3 54. Ke5 Rxf3 55. Rxd5 Ra3 56. Rd7+ Kg8 57. Rxa7 Rf3 58. b6 Rf5+ 59. Kd6 Rxg5 60. b7 1-0

[Event "Early-Titled-Tuesday-Blitz-February-06-2024"]
[Site "Chess.com"]
[Date "2024.02.06"]
[Round "11"]
[White "tptagain"]
[Black "Juwen"]
[Result "1/2-1/2"]
[WhiteElo "2951"]
[BlackElo "2634"]
[TimeControl "180+1"]
[EndTime "10:07:22 PST"]
[Termination "Game drawn by repetition"]

1. Nf3 d5 2. c4 e6 3. e3 Nf6 4.
Nc3 Be7 5. b3 O-O 6. Bb2 c5 7.
cxd5 exd5 8. d4 Nc6 9. Be2 Ne4 10.
O-O Be6 11. dxc5 Bxc5 12. Rc1 Be7 13. Bd3 Bf6 14. Bxe4 dxe4 15. Nd2 Bf5 16. Nc4 Bxc3 17. Bxc3 Qg5 18. Qd6 Rfd8 19. Qf4 Qxf4 20. exf4 Be6 21. Ne3 f5 22. Rfd1 Kf7 23. h3 g6 24. g4 a5 25.
Rxd8 Rxd8 26. Kg2 Rc8 27. Rd1 b6 28. Kg3 Rd8 29. Rxd8 Nxd8 30. Bd4 b5 31. Kh4 Nc6 32.
Bc5 a4 33. bxa4 bxa4 34. a3 h6 35. gxf5 gxf5 36. Nd1 Na5 37. Nc3 Bd7 38. Kh5 Nb3 39. Bd6 Kg7 40. Be5+ Kh7 41. Nd5 Be8+ 42. Kh4 Bf7 43. Nc3 Nc5 44. Bd4 Nd3 45. Be3 Be8 46. Kg3 Kg6 47. Nd5 Kf7 48. Kh4 Bc6 49. Nc3 Kg6 50. Ne2 Nb2 51. Bc5 Nd3 52. Be3 Ne1 53.
Kg3 Nd3 54. Nd4 Bd7 55. Ne2 Ne1 56. Bc5 Nd3 57. Be3 Bc6 58. Nd4 Bd7 59. Ne2 1/2-1/2

[Event "Early-Titled-Tuesday-Blitz-February-06-2024"]
[Site "Chess.com"]
[Date "2024.02.06"]
[Round "11"]
[White "chess_blitz00"]
[Black "viktorskliarov"]
[Result "1-0"]
[WhiteElo "2502"]
[BlackElo "2603"]
[TimeControl "180+1"]
[EndTime "10:07:22 PST"]
[Termination "chess_blitz00 won by checkmate"]

1. d4 Nf6 2. Nf3 g6 3. c4 Bg7 4. Nc3 O-O 5. g3 d6 6. Bg2 c5 7. O-O cxd4 8. Nxd4 a6 9. b3 Qc7 10.
Bb2 Nc6 11. Rc1 Nxd4 12. Qxd4 Be6 13. Qd3 Rac8 14. Rc2 Bf5 15. e4 Be6 16. Rfc1 Qa5 17. Qd2 Qh5 18. Ne2 g5 19. f4 h6 20. f5 Bd7 21. h3 Bc6 22. Qe3 Nd7 23. Nd4 Ne5 24.
g4 Qh4 25. Bc3 Nxg4 26. hxg4 Qxg4 27. Nxc6 bxc6 28. Bxg7 Kxg7 29. Rf2 f6 30. Rc3 c5 31. Rd3 Qh5 32. Qd2 Qf7 33. Rh3 h5 34. Rh2 Rh8 35. Bf3 Rcg8 36. Bd1 Kf8 37. Rfg2 g4 38. Qa5 Rg5 39. Qxa6 Kg7 40. Qc6 g3 41. Rh3 h4 42.
Qd5 Qe8 43. a4 Qb8 44. Kh1 Qb4 45. Qe6 Qe1+ 46. Rg1 g2+ 47. Kh2 Qg3+ 48. Rxg3 hxg3+ 49. Kxg2 Rh2+ 50. Kf3 Rf2+ 51. Ke3 Kf8 52. Qc8+ Kf7 53. Rxg3 Rxg3+ 54. Kxf2 Rd3 55. Qe6+ Kf8 56. Bh5 Rd2+ 57.
Ke3 Kg7 58. Qf7+ Kh6 59. Qg6# 1-0

[Event "Early-Titled-Tuesday-Blitz-February-06-2024"]
[Site "Chess.com"]
[Date "2024.02.06"]
[Round "11"]
[White "anasta10"]
[Black "DinaBelenkaya"]
[Result "1-0"]
[WhiteElo "2536"]
[BlackElo "2439"]
[TimeControl "180+1"]
[EndTime "10:07:22 PST"]
[Termination "anasta10 won on time"]

1. Nf3 d5 2. c4 d4 3. d3 c5 4. g3 Nc6 5. Bg2 e5 6. O-O Nf6 7. e3 Be7 8. exd4 exd4 9. Na3 O-O 10. Nc2 a5 11. b3 Bf5 12. Bf4 Qd7 13. Re1 Rfe8 14.
Qd2 h6 15. Ne5 Nxe5 16. Bxe5 Ng4 17. Bf4 Bf6 18. Rxe8+ Rxe8 19. Re1 Rxe1+ 20. Nxe1 Qe7 21. h3 Ne5 22. Qxa5 Nxd3 23. Nxd3 Bxd3 24. Kh2 Qe2 25. Qd2 Qxd2 26. Bxd2 b6 27. a3 Kf8 28. Bd5 Ke7 29.
b4 cxb4 30. axb4 Bf5 31. c5 bxc5 32. bxc5 Be6 33. Bf3 Be5 34. Kg2 Kd7 35. g4 Bc7 36.
Be4 g6 37. Bxh6 f5 38. gxf5 gxf5 39. Bf3 Bc4 40. Bd2 d3 41. h4 Ke6 42. h5 Kf6 43. c6 Bb5 44. Bc3+ Kg5 45. Bd2+ f4 46. Kf1 Bc4 47. Ke1 Bb6 48. Bc3 Bb5 49. Bd2 Bc7 50.
Bc3 Bb6 51. Kd2 Bxf2 52. c7 Bd7 53. Kxd3 Bb6 54. Be5 Bf5+ 55. Kc4 Bc8 56. Kb5 Be3 57. Bd6 Bd4 58. Bc5 Be5 59. Bb6 1-0

[Event "Early-Titled-Tuesday-Blitz-February-06-2024"]
[Site "Chess.com"]
[Date "2024.02.06"]
[Round "11"]
[White "PavelShkapenko"]
[Black "FM_VS99"]
[Result "0-1"]
[WhiteElo "2744"]
[BlackElo "2627"]
[TimeControl "180+1"]
[EndTime "10:07:25 PST"]
[Termination "FM_VS99 won by resignation"]

1. e4 c5 2. c3 d5 3. exd5 Qxd5 4.
d4 g6 5. dxc5 Qxd1+ 6. Kxd1 Bg7 7.
Na3 Nf6 8. Nb5 Na6 9. Be3 Ng4 10. Ke2 Bd7 11. Nd4 Nxc5 12. Ngf3 Nxe3 13. Kxe3 O-O 14. Bc4 e5 15. Nb5 a6 16. Nd6 b5 17.
Bd5 Rab8 18. Ke2 Rb6 19. Ne4 Nxe4 20. Bxe4 Be6 21. Rhd1 b4 22. Bd5 bxc3 23. bxc3 Bf5 24. Ng5 Rb2+ 25. Kf1 h6 26. Ne4 Kh7 27. Nd6 Bd7 28.
Bb3 f5 29. Kg1 Bb5 30. Nxb5 axb5 31. Rd7 e4 32. h4 h5 33. Rad1 Kh6 34. Rc7 Be5 35.
Re7 Bf6 36. Rb7 Bxh4 37. g3 Bf6 38. Rxb5 e3 39. fxe3 Re8 40. Rb6 Bg5 41. Rdd6 Bxe3+ 42. Kf1 Bxb6 43. Rxb6 Re3 44. c4 Rc3 45. Rd6 Rxg3 46. c5 Rc3 47. c6 Rc1+ 48. Bd1 Rb6 49. Ke1 Rbxc6 50. Rd3 R6c5 51. Kd2 R1c4 52. Bb3 Rf4 53. Rd6 h4 54. Bf7 Rg4 55. Bd5 Rd4+ 0-1

[Event "Early-Titled-Tuesday-Blitz-February-06-2024"]
[Site "Chess.com"]
[Date "2024.02.06"]
[Round "11"]
[White "LuisFSiles"]
[Black "MdChess1734"]
[Result "0-1"]
[WhiteElo "2259"]
[BlackElo "2389"]
[TimeControl "180+1"]
[EndTime "10:07:26 PST"]
[Termination "MdChess1734 won by resignation"]

1. e4 c6 2. d4 d5 3. exd5 cxd5 4. c4 Nf6 5. Nc3 g6 6. cxd5 Bg7 7. Bb5+ Nbd7 8. d6 O-O 9. dxe7 Qxe7+ 10. Be2 Nb6 11.
Nf3 Nfd5 12. O-O Bg4 13. Bg5 Qb4 14. Qb3 Qxb3 15. axb3 Rfc8 16. Bd2 Nb4 17. Ne5 Bxe2 18.
Nxe2 Nc2 19. Ra5 Re8 20. f4 f6 21. Rc1 fxe5 22. fxe5 Rac8 23. Rc5 Nxd4 24. Nxd4 Rcd8 25. Bc3 Bxe5 26. Ne6 Bxc3 27. Nxd8 Bd4+ 28. Kf1 Bxc5 29. Rxc5 Rxd8 30. Rc7 Rd7 31. Rc5 Kf7 32. h4 Ke6 33. h5 Nd5 34. Kf2 Kd6 35. Rc4 Ke5 36. Kf3 Rf7+ 37.
Kg3 Ne3 38. Rc5+ Ke4 39. Rc3 Nf5+ 40. Kg4 Nd4 41. hxg6 hxg6 42. Rc4 Ke5 43. Kg5 Rg7 44. Rc5+ Kd6 45. Rc4 Ne6+ 46. Kf6 g5 47. Re4 Re7 48. g4 Kd5 49. Re1 Re8 50. Kf7 Rf8+ 51. Kg6 Kd6 52. Rd1+ Ke7 53. Re1 Rf6+ 54. Kh5 Kf7 55. Re2 Kg7 56.
Rxe6 Rxe6 57. Kxg5 Rb6 0-1